 Dungeon Crawl Stone Soup version 0.21-a0-509-gecc5317 (webtiles) character file.

42 mortelune the Digger (level 3, 0/20 HPs)
             Began as a Gargoyle Earth Elementalist on Nov 29, 2017.
             Slain by a human (4 damage)
             ... on level 2 of the Dungeon.
             The game lasted 00:05:22 (2250 turns).

mortelune the Digger (Gargoyle Earth Elementalist)  Turns: 2250, Time: 00:05:23

Health: 0/20       AC:  7    Str: 11    XL:     3   Next: 54%
Magic:  5/6        EV: 11    Int: 16    God:
Gold:   101        SH:  0    Dex: 10    Spells: 2/6 levels left

rFire    . . .     SeeInvis .   p - +0 mace
rCold    . . .     Gourm    .   (no shield)
rNeg     + . .     Faith    .   a - +0 leather armour
rPois    ∞         Spirit   .   m - +0 hat
rElec    +         Reflect  .   g - +0 cloak
rCorr    .         Harm     .   (no gloves)
MR       .....                  (no boots)
Stlth    ++........             (no amulet)
HPRegen  0.06/turn              k - ring of flight
MPRegen  0.10/turn              (no ring)

@: no status effects
A: negative energy resistance 1, electricity resistance, unbreathing,
petrification resistance, rot immunity, AC +3
a: Evoke Flight


You were on level 2 of the Dungeon.
You were hungry.

You visited 1 branch of the dungeon, and saw 2 of its levels.

You collected 101 gold pieces.

Inventory:

Hand Weapons
 f - a +0 club
 p - a +0 mace (weapon)
Missiles
 b - 34 stones (quivered)
Armour
 a - a +0 leather armour (worn)
 c - a +0 robe
 g - a +0 cloak (worn)
 m - a +0 hat (worn)
Jewellery
 k - a ring of flight (left hand)
Scrolls
 q - a scroll of remove curse {unknown}
 r - 3 scrolls of identify {unknown}
 s - a scroll of magic mapping {unknown}
 u - 2 scrolls of teleportation {unknown}
 v - a scroll of enchant armour {unknown}
Potions
 h - 2 potions of mutation {unknown}
 i - a potion of heal wounds {unknown}
 j - a potion of lignification {unknown}
 l - a potion of agility {unknown}
 o - a potion of curing {unknown}
Books
 e - a book of Geomancy

   Spells                             Type                      Level
   a - Sandblast                      Earth                        1
   b - Passwall                       Transmutation/Earth          2
   c - Stone Arrow                    Conjuration/Earth            3
   d - Petrify                        Transmutation/Earth          4
   e - Lee's Rapid Deconstruction     Earth                        5
Comestibles
 d - a bread ration
 n - 2 royal jellies
 t - 3 chunks of flesh


   Skills:
 + Level 1.4 Fighting
 - Level 1.5 Dodging
 - Level 2.1 Stealth
 + Level 2.4 Spellcasting
   Level 0.7 Transmutations
 * Level 4.6 Earth Magic


You had 2 spell levels left.
You knew the following spells:

 Your Spells              Type           Power        Failure   Level  Hunger
a - Sandblast             Erth           ###...       3%          1    #......
b - Stone Arrow           Conj/Erth      #.....       30%         3    ###....


Dungeon Overview and Level Annotations

Branches:
Dungeon (2/15)

Altars:
Okawaru
Yredelemnul


Innate Abilities, Weirdness & Mutations

You are resistant to torment.
Your stone body is resilient. (AC +3)
You are immune to poison.
You resist negative energy. (rN+)
You are resistant to electric shocks. (rElec)
You can survive without breathing.
You are immune to petrification.
You are immune to rotting.


Message History

The human is heavily wounded.
The human hits you but does no damage.
You miss the human.
The human is heavily wounded.
The human hits you!
You hit the human.
The human is severely wounded.
The human hits you.
* * * LOW HITPOINT WARNING * * *
The human barely misses you.
Casting: Sandblast
Confirm with . or Enter, or press ? or * to list all spells.
Aiming: Sandblast
Press: ? - help, Shift-Dir - straight line, f/p - human
Aim: a human (severely wounded)
The blast of sand hits the human.
The human is almost dead.
b - 34 stones The human hits you.
You die...

.###.........#########.##
.##)#.######## ###.#
.#.###.## ##...# .)##
##.###########..#.### .##
##........!........# #.##
##.#######....###...#
##.###.## #....#.#...#
##.#.## ##...#'#...#
##.## #@p.......# #.#
#8.#####.8# #.#
####...#### #.# #._.# #.#
#...# ####.# ##### .....#
######


You could see a human.

Vanquished Creatures
  An adder (D:2)
  An ooze (D:1)
  A ball python (D:1)
  A giant cockroach (D:2)
  3 goblins
  3 hobgoblins
  6 jackals
  A bat (D:2)
  2 frilled lizards
  A jackal skeleton (D:2)
  4 kobolds
  A kobold skeleton (D:2)
  3 rats
28 creatures vanquished.

Notes
Turn   | Place    | Note
-------+----------+-------------------------------------------
     0 | D:1      | mortelune the Gargoyle Earth Elementalist began the quest for the Orb.
     0 | D:1      | Reached XP level 1. HP: 10/10 MP: 3/3
   432 | D:1      | Reached skill level 4 in Earth Magic
   432 | D:1      | Reached XP level 2. HP: 7/16 MP: 3/5
  1262 | D:1      | Reached skill level 1 in Fighting
  1620 | D:2      | Reached XP level 3. HP: 20/20 MP: 3/6
  1800 | D:2      | Learned a level 3 spell: Stone Arrow
  2064 | D:2      | Found an iron altar of Okawaru.
  2190 | D:2      | Found a runed door.
  2191 | D:2      | Noticed a human
  2194 | D:2      | Found a basalt altar of Yredelemnul.
  2250 | D:2      | Slain by a human

Vault maps used:
D:1:      dpeg_arrival_another_circle
D:2:      fedhas_altar_4, okawaru_metal_pillars_1_2, dk_yredelemnul_ordeal

Skill      XL: |  1  2 |
---------------+-------+-----
Earth Magic    | 4 |  4.6
Fighting       | 1 |  1.4
Dodging        | |  1.5
Stealth        | |  2.1
Spellcasting   | |  2.4
Transmutations | |  0.7

Action                   || total
-------------------------++-------
Melee: Unarmed           ||    15
       Club              ||    50
       Mace              ||    35
 Cast: Sandblast         ||    23
 Stab: Sleeping          ||     1
  Eat: Chunk             ||     4
Armor: Leather armour    ||    43
Dodge: Dodged            ||    95

Table legend:
 A = Spawn XP
 B = Non-spawn XP
 C = Spawn XP percentage of total XP
 D = Spawn monster count
 E = Non-spawn monster count
 F = Spawn count percentage of total count
 G = Total turns spent on level
                    A         B        C        D         E        F      G
               +---------+---------+-------+---------+---------+-------+---------
         Total |       0 |      60 |   0.0 |       0 |      28 |   0.0 |  2250
               +---------+---------+-------+---------+---------+-------+---------
           D:1 |       0 |      27 |   0.0 |       0 |      14 |   0.0 |  1399
           D:2 |       0 |      33 |   0.0 |       0 |      14 |   0.0 |   851
               +---------+---------+-------+---------+---------+-------+---------
